 Dungeon Crawl Stone Soup version 0.29-a0-885-gb26ba3297d (webtiles) character file.

Game seed: 12352872481809823806

1521 raph the Conjurer (level 8, -6/41 HPs)
             Began as a Gargoyle Fire Elementalist on July 20, 2022.
             Was an Initiate of Sif Muna.
             Killed by divine providence
             ... invoked by an orc priest
              (12 damage)
             ... on level 6 of the Dungeon.
             The game lasted 00:11:30 (8197 turns).

raph the Conjurer (Gargoyle Fire Elementalist)      Turns: 8197, Time: 00:11:30

Health: -6/41      AC: 11    Str: 11    XL:     8   Next: 84%
Magic:  10/13      EV: 13    Int: 17    God:    Sif Muna [......]
Gold:   365        SH:  0    Dex: 17    Spells: 5/14 levels left

rFire   + + .      SeeInvis .   q - staff of fire
rCold   . . .      Faith    .   (no shield)
rNeg    + . .      Spirit   .   a - +1 robe
rPois   ∞          Reflect  .   i - +2 helmet "Lioxzim" {rCorr Str-2 Dex+7 Stlth-}
rElec   +          Harm     .   (no cloak)
rCorr   +          Rampage  .   (no gloves)
Will    .....                   (no boots)
Stlth   ++........              (no amulet)
HPRegen 0.13/turn               g - ring of protection from fire
MPRegen 0.13/turn               (no ring)

@: no status effects
A: sickness immunity, AC +5, negative energy resistance 1, electricity
resistance, torment resistance 1, petrification resistance
a: Renounce Religion


You were on level 6 of the Dungeon.
You worshipped Sif Muna.
Sif Muna was noncommittal.
You visited 1 branch of the dungeon, and saw 6 of its levels.

You collected 536 gold pieces.
You spent 171 gold pieces at shops.

Inventory:

Hand Weapons
 d - a +0 hand axe
 f - a +1 short sword of venom
 p - a +2 dagger of holy wrath
 w - a +2 morningstar of venom
Armour
 a - a +1 robe (worn)
 i - the +2 helmet "Lioxzim" (worn) {rCorr Str-2 Dex+7 Stlth-}
   (You took it off Robin on level 2 of the Dungeon)

   Str:       It affects your strength (-2).
   Dex:       It affects your dexterity (+7).
   rCorr:     It protects you from acid and corrosion.
   Stlth:     It makes you less stealthy.
 n - the +1 helmet of Woamapp {+Blink rElec rF- Stlth+}
   (You bought it in a shop on level 2 of the Dungeon)

   rF:        It makes you vulnerable to fire.
   rElec:     It insulates you from electricity.
   +Blink:    It lets you blink.
   Stlth:     It makes you more stealthy.
Magical Staves
 q - a staff of fire (weapon)
Jewellery
 g - a ring of protection from fire (left hand)
 j - a ring of ice
Wands
 s - a wand of roots (5)
 x - a wand of flame (13)
Scrolls
 c - 5 scrolls of amnesia
 o - a scroll of poison
 r - a scroll of enchant armour
 v - 2 scrolls of enchant weapon
Potions
 b - a potion of magic
 e - 2 potions of flight {unknown}
 h - 2 potions of curing
 k - 2 potions of mutation
 l - 2 potions of haste
 m - a potion of lignification {unknown}
 t - a potion of cancellation {unknown}
 u - a potion of brilliance {unknown}
 z - a potion of degeneration {unknown}


   Skills:
 - Level 2.5 Dodging
 - Level 3.6 Stealth
 + Level 3.8 Spellcasting
 + Level 7.3 Conjurations
 + Level 7.3 Fire Magic


You had 5 spell levels left.
You knew the following spells:

 Your Spells              Type           Power      Damage    Failure   Level
a - Foxfire               Conj/Fire      100%       2x1d9     1%          1
b - Scorch                Fire           84%        2d9       1%          2
c - Conjure Flame         Conj/Fire      42%        6-21      2%          3
d - Inner Flame           Hex/Fire       23%        N/A       11%         3

Your spell library contained the following spells:

 Spells                   Type           Power      Damage    Failure   Level
 Shock                    Conj/Air       60%        1d6       3%          1
 Flame Wave               Conj/Fire      42%        2d9       8%          4
 Swiftness                Air            3%         N/A       43%         3
 Irradiate                Conj/Tmut      7%         3d14      69%         5
 Airstrike                Air            1%         0-2+      85%         4
 Petrify                  Tmut/Erth      3%         N/A       85%         4
 Sublimation of Blood     Necr           Unusable   N/A       N/A         2

Dungeon Overview and Level Annotations

Branches:
Dungeon (6/15)
 Temple: D:4-7

Altars:
Cheibriados
Elyvilon
Gozag
Sif Muna

Shops:
D:2 [

Annotations:
D:1 apport
D:3 3 runed translucent doors, wilfster70's ghost, amateur GrFi


Innate Abilities, Weirdness & Mutations

You are immune to sickness and miasma.
Your stone body is resilient. (AC +5)
You are immune to poison.
You resist negative energy. (rN+)
You are resistant to electric shocks. (rElec)
You are resistant to unholy torment.
You are immune to petrification.


Message History

The troll's fire resistance burns away.
The foxfire hits the troll but does no damage.
The troll is almost dead.
The foxfire hits the troll.
The troll is burned terribly!
The troll is almost dead.
The foxfire hits the troll but does no damage.
The troll is almost dead.
The foxfire hits the troll!
The troll is burned terribly!
You kill the troll!
Sif Muna accepts your kill.
Your Conjurations skill increases to level 7!
You start resting.
Magic restored.
You start waiting.
Done waiting.
There is an open door here.
An orc and an orc priest come into view.
The orc priest shouts!
You hear a shout!
An orc comes into view. It is wielding a +0 club.
The orc moves out of view.
An orc wizard comes into view. It is wielding a +0 dagger.
The orc wizard moves out of view.
The orc priest invokes the aid of Beogh against you.
Beogh smites you!
The orc priest looks encouraged for a moment.
Casting: Scorch (safe; 1% risk of failure)
Confirm with . or Enter, or press ? or * to list all spells.
You can't see any susceptible monsters within range! (Use Z to cast anyway.)
The orc priest invokes the aid of Beogh against you.
Beogh smites you!
The orc priest invokes the aid of Beogh against you.
Beogh smites you!
* * * LOW HITPOINT WARNING * * *
Casting: Scorch (safe; 1% risk of failure)
Confirm with . or Enter, or press ? or * to list all spells.
You feel a surge of power!
The fire begins to smoulder!
The fire ignites!
The orc priest invokes the aid of Beogh against you.
Beogh smites you!
You die...

#.#........ #...#
######.## ##.)(##..#
#.....##.###
#.....##.#.##
#.....##....####
##...##........+
########'###.@...####
##...##.......#..##
#.....#.......#§##
#.....÷..8....#.#
#.....#.......#.#
##...##.........#
########'#####.# #...
#o# ## #..... #o#
#####...#


You could see an orc priest.

Vanquished Creatures
  A troll (D:6)
  A shadow (D:5)
  A wraith (D:6)
  A black bear (D:4)
  An ogre (D:5)
  A centaur (D:5)
  3 scorpions
  Blork the orc (D:5)
  A howler monkey (D:4)
  An orc priest (D:4)
  3 hounds
  3 orc wizards
  Robin (D:2)
  3 gnolls (D:2)
  8 adders
  A shadow imp (D:5)
  3 white imps
  4 worms
  2 dart slugs
  9 orcs
  6 bats
  5 endoplasms
  A giant cockroach (D:3)
  28 goblins
  9 hobgoblins
  10 jackals
  7 kobolds
  3 quokkas
  4 ball pythons
  5 frilled lizards
  4 rats
131 creatures vanquished.

Vanquished Creatures (collateral kills)
  A foxfire (D:2)
1 creature vanquished.

Vanquished Creatures (others)
  463 foxfires
  3 fungi (D:2)
  3 plants (D:2)
469 creatures vanquished.

Grand Total: 601 creatures vanquished

Notes
Turn   | Place    | Note
-------+----------+-------------------------------------------
     0 | D:1      | raph the Gargoyle Fire Elementalist began the quest for the
                  | Orb.
     0 | D:1      | Reached XP level 1. HP: 10/10 MP: 3/3
   276 | D:1      | Reached XP level 2. HP: 15/15 MP: 3/5
  1011 | D:1      | Reached XP level 3. HP: 19/19 MP: 3/6
  1014 | D:1      | Learned a level 2 spell: Scorch
  1134 | D:2      | Found Viann's Antique Armour Emporium.
  1428 | D:2      | Learned a level 3 spell: Conjure Flame
  1773 | D:2      | Identified the +2 helmet "Lioxzim" {rCorr Str-2 Dex+7
                  | Stlth-}
  1773 | D:2      | Noticed Robin
  1782 | D:2      | Reached XP level 4. HP: 23/24 MP: 2/7
  1822 | D:2      | Killed Robin
  2069 | D:2      | Found a faded altar of an unknown god.
  2449 | D:2      | Bought a steaming helmet for 171 gold pieces
  2449 | D:2      | Identified the +1 helmet of Woamapp {+Blink rElec rF-
                  | Stlth+} (You bought it in a shop on level 2 of the Dungeon)
  2676 | D:2      | Reached XP level 5. HP: 22/28 MP: 0/8
  3203 | D:3      | Found a runed translucent gate.
  3203 | D:3      | Found a runed translucent gate.
  3203 | D:3      | Found a runed translucent gate.
  3204 | D:3      | Found an opulent altar of Gozag.
  3205 | D:3      | Noticed wilfster70's ghost (amateur GrFi)
  3454 | D:3      | Found a white marble altar of Elyvilon.
  4174 | D:4      | Noticed a black bear
  4176 | D:4      | Reached XP level 6. HP: 32/32 MP: 0/10
  4979 | D:4      | Learned a level 3 spell: Inner Flame
  5012 | D:4      | Found a shimmering blue altar of Sif Muna.
  5021 | D:4      | Became a worshipper of Sif Muna the Loreminder
  5211 | D:4      | Found a snail-covered altar of Cheibriados.
  5316 | D:4      | Killed a black bear
  5317 | D:4      | Reached XP level 7. HP: 26/36 MP: 0/11
  5578 | D:5      | Entered Level 5 of the Dungeon
  5582 | D:5      | Reached skill level 5 in Fire Magic
  5733 | D:5      | Noticed a shadow
  5746 | D:5      | Killed a shadow
  5747 | D:5      | Reached skill level 5 in Conjurations
  5962 | D:4      | Reached XP level 8. HP: 20/41 MP: 5/12
  6988 | D:5      | Noticed Blork the orc
  7384 | D:5      | Killed Blork the orc
  7828 | D:6      | Noticed a wraith
  7839 | D:6      | HP: 2/41 [wraith (4)]
  7847 | D:6      | Killed a wraith
  7974 | D:6      | Noticed a troll
  7987 | D:6      | Killed a troll
  8197 | D:6      | Killed from afar by an orc priest

Illustrated notes

Levels and vault maps discovered:
D:1:      lemuel_arrival_lava_pool, layout_rooms, lemuel_flame_loot_1
D:2:      layout_basic, serial_shops,
          nicolae_shop_temple_entry_statues_fountains,
          shapermc_ecumenical_altar_mp_urbaneastern, uniq_robin
D:3:      kennysheep_goblin_castle, layout_rooms, elyvilon_altar_5,
          ebering_ghost_gozag, nicolae_elevator_lobby_asterisk
D:4:      layout_basic, cheibrodos_worm_habitat, amcnicky_altar_gilded,
          minmay_misc_feat_rows
D:5:      layout_rooms, cheibrodos_sewer_entry_bend, abandoned_shop,
          uniq_blork_the_orc
D:6:      layout_loops_corners, nicolae_overflow_hidden_temple,
          grunt_ministairs_8, minmay_three_doors

Skill      XL: |  1  2  3  4  5  6  7  8 |
---------------+-------------------------+-----
Conjurations   | 2 3 4 5 7 |  7.3
Dodging        | 2 |  2.5
Stealth        | 3 |  3.6
Fire Magic     | 4 6 7 |  7.3
Spellcasting   | 3 |  3.8

Action                   |  1- 3 |  4- 6 |  7- 9 || total
-------------------------+-------+-------+-------++-------
Melee: Hand axe          |     5 |       |       ||     5
       Short sword       |     3 |    17 |       ||    20
       Staff             |       |    11 |    22 ||    33
 Cast: Foxfire           |    58 |   126 |    87 ||   271
       Conjure Flame     |     1 |     3 |     3 ||     7
       Scorch            |       |    14 |    11 ||    25
  Use: Scroll            |     6 |     3 |     3 ||    12
       Potion            |       |     1 |     2 ||     3
Armor: Robe              |     7 |    37 |    19 ||    63
Dodge: Dodged            |    10 |    70 |    43 ||   123

Table legend: (Time is in decaauts)
 A = Elapsed time spent in this place.
 B = Non-inter-level travel time spent in this place.
 C = Inter-level travel time spent in this place.
 D = Time resting spent in this place.
 E = Time spent auto-exploring this place.
 F = Levels seen in this place.
 G = Mean time per level.
                   A        B        C        D        E       F      G
               +--------+--------+--------+--------+--------+-----+--------+
         Total |   8257 |   7927 |    330 |   3652 |   2994 |   6 | 1376.2 |
       Dungeon |   8257 |   7927 |    330 |   3652 |   2994 |   6 | 1376.2 |
               +--------+--------+--------+--------+--------+-----+--------+

Top non-repeatable levels by time:
     D:4: 2370 daAuts
     D:2: 1787 daAuts
     D:5: 1340 daAuts
     D:3: 1146 daAuts
     D:1: 1118 daAuts
     D:6: 494 daAuts
